Firebirds vs Admirals

Created - April 13, 2025 at 19:47

Goals
1 2 3 T
Firebirds 2 3 0 5
Admirals 0 2 1 3
Shots
1 2 3 T
Firebirds 19 13 10 42
Admirals 8 13 5 26

1st period

1. Firebirds , Tanner Richard 11 (Thomas Spelling 35) at 13:19
2. Firebirds , Thomas Spelling 35 (Tanner Richard 18) at 15:14

Penalties :
No Penalty

2nd period

3. Admirals , Mark McNeill 49 (Antti Suomela 17, Pavol Regenda 11) at 3:52
4. Admirals , Kasper Bjorkqvist 17 (Nolan Vesey 32, Hunter Shinkaruk 38) at 10:09
5. Firebirds , Eric Robinson 27 (Pierre-Luc Dubois 38, Wade Allison 21) at 11:38
6. Firebirds , Hayden Hodgson 27 (Tanner Richard 19, Thomas Spelling 36) at 11:46
7. Firebirds , Tanner Richard 12 (Thomas Spelling 37, Pierre-Luc Dubois 39) at 16:34

Penalties :
No Penalty

3rd period

8. Admirals , Antti Suomela 11 (Mark McNeill 40, Sergei Zborovskiy 1) at 1:33

Penalties :
Mathieu Joseph (Mil) for Cross-checking (Minor) at 1:52, Antti Suomela (Mil) for Roughing (Minor) at 4:39

Goalie Stats

Magnus Hellberg (Coa), 23 saves from 26 shots - (0.885), W, 9-6-3, 60:00 minutes
Felix Sanstrom (Mil), 37 saves from 42 shots - (0.881), L, 29-18-4, 60:00 minutes

Players Stats for Firebirds

Player Name              G  A  P  +/- PIM S  H  SB GA TA FO     MP     PP MP  PK MP  
------------------------------------------------------------------------------------
Artur Kayumov            0  0  0   0  0   0  0  0  0  0  1/2     0:28   0:00   0:00 
Dylan Coghlan            0  0  0   0  0   0  1  0  0  0  0/0    21:50   1:42   0:00 
Eric Robinson            1  0  1   0  0   6  1  0  0  1  0/1    18:22   1:52   0:00 
Fredrik Olofsson         0  0  0   0  0   4  2  0  1  0  0/0    12:55   0:00   0:00 
Garret Pilon             0  0  0   0  0   4  1  0  0  3  5/6    12:55   0:00   0:00 
Hayden Hodgson           1  0  1   2  0   2  5  0  0  0  0/1    20:30   2:06   0:00 
Jacob Middleton          0  0  0  -1  0   1  0  0  0  0  0/0    12:39   0:39   0:00 
Jacob Olofsson           0  0  0   0  0   0  0  0  0  0  0/0     0:00   0:00   0:00 
Jakub Zboril             0  0  0   1  0   6  2  2  0  0  0/0    28:11   1:42   0:00 
Jasper Weatherby         0  0  0   0  0   2  1  0  0  0  1/2     7:45   0:00   0:00 
John Ludvig              0  0  0   1  0   0  0  0  0  0  0/0     6:21   0:00   0:00 
Jonah Gadjovich          0  0  0   0  0   2  0  0  1  0  0/0     7:45   0:00   0:00 
Kyle Capobianco          0  0  0  -1  0   0  0  1  0  0  0/0    12:39   0:39   0:00 
Maksim Sushko            0  0  0   0  0   1  1  0  1  0  1/1    12:55   0:00   0:00 
Matej Blumel             0  0  0   0  0   0  0  0  0  0  0/0     7:45   0:00   0:00 
Matthew Kiersted         0  0  0   2  0   0  0  0  0  0  0/0    19:10   1:37   0:00 
Nikita Alexandrov        0  0  0   0  0   0  0  0  0  0  0/0     0:28   0:00   0:00 
Parker Kelly             0  0  0   0  0   0  0  0  0  0  0/0     0:00   0:00   0:00 
Pierre-Luc Dubois        0  2  2   0  0   2  5  0  0  1  5/6    18:22   1:52   0:00 
Sasha Chmelevski         0  0  0   0  0   0  0  0  0  0  0/0     0:28   0:00   0:00 
Stelio Mattheos          0  0  0   0  0   0  0  0  0  0  0/0     0:00   0:00   0:00 
Tanner Richard           2  2  4   2  0   7  3  0  2  0  22/42  20:30   2:06   0:00 
Thomas Spelling          1  3  4   2  0   5  3  0  0  0  0/1    20:30   2:06   0:00 
Victor Mete              0  0  0   2  0   0  0  0  0  1  0/0    19:10   1:37   0:00 
Wade Allison             0  1  1   0  0   0  1  0  1  0  0/0    18:22   1:52   0:00 

Players Stats for Admirals

Player Name              G  A  P  +/- PIM S  H  SB GA TA FO     MP     PP MP  PK MP  
------------------------------------------------------------------------------------
Antti Suomela            1  1  2   0  2   4  0  1  0  0  3/14   16:31   0:00   0:31 
Christian Djoos          0  0  0   1  0   0  1  0  0  1  0/0     7:08   0:00   0:00 
Hunter Shinkaruk         0  1  1  -3  0   1  1  1  1  0  0/3    20:25   0:00   1:18 
Ian Mitchell             0  0  0  -3  0   5  2  0  0  0  0/0    23:10   0:00   2:35 
Josh Norris              0  0  0   1  0   0  1  0  1  0  3/7    12:50   0:00   1:35 
Josh Wesley              0  0  0   1  0   0  0  0  0  0  0/0     7:08   0:00   0:00 
Kasper Bjorkqvist        1  0  1   1  0   2  0  2  1  0  0/0    10:59   0:00   0:00 
Lucas Wallmark           0  0  0  -3  0   1  2  2  0  2  19/32  21:13   0:00   2:06 
Mark McNeill             1  1  2   0  0   2  3  0  1  0  0/1    16:22   0:00   0:33 
Mathieu Joseph           0  0  0  -3  2   4  1  0  0  0  2/4    20:10   0:00   0:58 
Milos Kelemen            0  0  0   0  0   0  2  0  0  0  0/0     9:45   0:00   0:00 
Nolan Vesey              0  1  1   1  0   2  2  0  0  0  0/0    11:21   0:00   0:22 
Olli Juolevi             0  0  0  -1  0   2  3  1  0  1  0/0    18:06   0:00   1:23 
Pavol Regenda            0  1  1   0  0   0  4  0  0  0  0/0    15:49   0:00   0:00 
Reilly Walsh             0  0  0  -3  0   1  1  2  0  1  0/0    23:10   0:00   2:35 
Riley Barber             0  0  0   0  0   1  1  0  1  0  0/0    10:34   0:00   0:33 
Ryan Olsen               0  0  0   0  0   1  0  0  1  0  0/1    10:01   0:00   0:00 
Sean Durzi               0  0  0   1  0   0  0  1  0  0  0/0    11:36   0:00   0:00 
Sergei Zborovskiy        0  1  1   1  0   0  0  0  0  1  0/0    11:36   0:00   0:00 
Tobias Bjornfot          0  0  0  -1  0   0  1  2  0  0  0/0    18:06   0:00   1:23 

3 Stars

1 - Tanner Richard (Coa)
2 - Thomas Spelling (Coa)
3 - Hayden Hodgson (Coa)

Power Play

Firebirds - 0 on 2 Attempt(s) - 0.00%
Admirals - 0 on 0 Attempt(s) - 0.00%

Penalty Kill

Firebirds - 0 on 0 Attempt(s) - 0.00% - Score 0 goal in Penalty Kill
Admirals - 2 on 2 Attempt(s) - 100.00% - Score 0 goal in Penalty Kill

Team Stat

Firebirds - Hits : 26 - Faceoff Wins : 35 - Blocked Shots : 3 - Penalty Minutes : 0
Admirals - Hits : 25 - Faceoff Wins : 27 - Blocked Shots : 12 - Penalty Minutes : 4

Official

Referees : Jon McIsaac and Justin St. Pierre
Linesman : Libor Suchanek and David Brisebois

Game Notes

No Game Note

Finance

Level 1 -- Attendance: 2000 (100.00%) -- Ticket Income $140,000
Level 2 -- Attendance: 904 (90.40%) -- Ticket Income $36,160
Total Attendance: 2904 (96.80%)
Total Ticket Income: $176,160
Other Income: $8,808
Total Income: $184,968

Firebirds

5 vs 5 Forward 
   Center                   Left Wing                Right Wing               Time % Phy DF OF 
 1 Tanner Richard           Hayden Hodgson           Thomas Spelling          40     1   2  2  
 2 Pierre-Luc Dubois        Eric Robinson            Wade Allison             30     1   2  2  
 3 Garret Pilon             Fredrik Olofsson         Maksim Sushko            20     1   2  2  
 4 Jasper Weatherby         Jonah Gadjovich          Matej Blumel             10     1   2  2  

5 vs 5 Defense 
   Defense                  Defense                                           Time % Phy DF OF 
 1 Jakub Zboril             Dylan Coghlan                                     40     1   2  2  
 2 Victor Mete              Matthew Kiersted                                  30     1   2  2  
 3 Jacob Middleton          Kyle Capobianco                                   20     1   2  2  
 4 John Ludvig              Jakub Zboril                                      10     1   2  2  

PowerPlay Forward 
   Center                   Left Wing                Right Wing               Time % Phy DF OF 
 1 Tanner Richard           Hayden Hodgson           Thomas Spelling          60     1   2  2  
 2 Pierre-Luc Dubois        Eric Robinson            Wade Allison             40     1   2  2  

PowerPlay Defense
   Defense                  Defense                                           Time % Phy DF OF 
 1 Jakub Zboril             Dylan Coghlan                                     60     1   2  2  
 2 Victor Mete              Matthew Kiersted                                  40     1   2  2  

Penalty Kill 4 Players Forward 
   Center                   Wing                     Time % Phy DF OF 
 1 Tanner Richard           Hayden Hodgson           60     1   2  2  
 2 Thomas Spelling          Pierre-Luc Dubois        40     1   2  2  

Penalty Kill 4 Players Defense
   Defense                  Defense                  Time % Phy DF OF 
 1 Jakub Zboril             Dylan Coghlan            60     1   2  2  
 2 Victor Mete              Matthew Kiersted         40     1   2  2  

Penalty Kill - 3 Players Forward 
   Forward                                           Time % Phy DF OF 
 1 Tanner Richard                                    60     1   2  2  
 2 Hayden Hodgson                                    40     1   2  2  

Penalty Kill - 3 Players Defense
   Defense                  Defense                  Time % Phy DF OF 
 1 Jakub Zboril             Dylan Coghlan            60     1   2  2  
 2 Victor Mete              Matthew Kiersted         40     1   2  2  

4 vs 4 Forward 
   Center                   Wing                     Time % Phy DF OF 
 1 Tanner Richard           Hayden Hodgson           60     1   2  2  
 2 Thomas Spelling          Pierre-Luc Dubois        40     1   2  2  

4 vs 4 Defense
   Defense                  Defense                  Time % Phy DF OF 
 1 Jakub Zboril             Dylan Coghlan            60     1   2  2  
 2 Victor Mete              Matthew Kiersted         40     1   2  2  

Last Minutes Offensive
   Center                   Left Wing                Right Wing               Defense                  Defense                  
   Tanner Richard           Hayden Hodgson           Thomas Spelling          Jakub Zboril             Dylan Coghlan            

Last Minutes Defensive
   Center                   Left Wing                Right Wing               Defense                  Defense                  
   Tanner Richard           Hayden Hodgson           Thomas Spelling          Jakub Zboril             Dylan Coghlan            

Goaltenders
Starting : Magnus Hellberg          
Backup : Cayden Primeau           

Extra Forwards
Normal : Artur Kayumov, Nikita Alexandrov, Sasha Chmelevski - PP : Artur Kayumov, Nikita Alexandrov - PK : Sasha Chmelevski
Extra Defensemen
Normal : Jacob Middleton, Kyle Capobianco, John Ludvig - PP : Jacob Middleton - PK : Kyle Capobianco, John Ludvig
Penalty Shots
Tanner Richard, Hayden Hodgson, Thomas Spelling, Pierre-Luc Dubois, Eric Robinson
Custom OT Lines Forwards
Tanner Richard, Hayden Hodgson, Thomas Spelling, Pierre-Luc Dubois, Eric Robinson, Fredrik Olofsson, Wade Allison, Garret Pilon, Jonah Gadjovich, Jasper Weatherby
Custom OT Lines Defensemen
Jakub Zboril, Dylan Coghlan, Victor Mete, Matthew Kiersted, Jacob Middleton

Scratches
Mac Hollowell (Strained Groin Injury), Valentin Nussbaumer (Healthy), Maxence Guenette (Healthy), Bobby Brink (Healthy), Jakub Skarek (Healthy)
Ian Scott (Healthy)

Admirals

5 vs 5 Forward 
   Center                   Left Wing                Right Wing               Time % Phy DF OF 
 1 Lucas Wallmark           Hunter Shinkaruk         Mathieu Joseph           40     1   2  2  
 2 Antti Suomela            Pavol Regenda            Mark McNeill             30     1   2  2  
 3 Josh Norris              Nolan Vesey              Kasper Bjorkqvist        20     1   2  2  
 4 Ryan Olsen               Milos Kelemen            Riley Barber             10     1   2  2  

5 vs 5 Defense 
   Defense                  Defense                                           Time % Phy DF OF 
 1 Reilly Walsh             Ian Mitchell                                      40     1   2  2  
 2 Olli Juolevi             Tobias Bjornfot                                   30     1   2  2  
 3 Sergei Zborovskiy        Sean Durzi                                        20     1   2  2  
 4 Christian Djoos          Josh Wesley                                       10     1   2  2  

PowerPlay Forward 
   Center                   Left Wing                Right Wing               Time % Phy DF OF 
 1 Lucas Wallmark           Hunter Shinkaruk         Mathieu Joseph           60     1   1  3  
 2 Antti Suomela            Pavol Regenda            Mark McNeill             40     1   1  3  

PowerPlay Defense
   Defense                  Defense                                           Time % Phy DF OF 
 1 Reilly Walsh             Ian Mitchell                                      60     1   2  2  
 2 Olli Juolevi             Tobias Bjornfot                                   40     1   2  2  

Penalty Kill 4 Players Forward 
   Center                   Wing                     Time % Phy DF OF 
 1 Lucas Wallmark           Mathieu Joseph           60     1   2  2  
 2 Mark McNeill             Riley Barber             40     1   2  2  

Penalty Kill 4 Players Defense
   Defense                  Defense                  Time % Phy DF OF 
 1 Reilly Walsh             Ian Mitchell             60     1   3  1  
 2 Olli Juolevi             Tobias Bjornfot          40     1   3  1  

Penalty Kill - 3 Players Forward 
   Forward                                           Time % Phy DF OF 
 1 Mathieu Joseph                                    60     1   3  1  
 2 Mark McNeill                                      40     1   3  1  

Penalty Kill - 3 Players Defense
   Defense                  Defense                  Time % Phy DF OF 
 1 Reilly Walsh             Ian Mitchell             60     1   3  1  
 2 Christian Djoos          Olli Juolevi             40     1   3  1  

4 vs 4 Forward 
   Center                   Wing                     Time % Phy DF OF 
 1 Lucas Wallmark           Mathieu Joseph           60     1   2  2  
 2 Mark McNeill             Hunter Shinkaruk         40     1   2  2  

4 vs 4 Defense
   Defense                  Defense                  Time % Phy DF OF 
 1 Reilly Walsh             Ian Mitchell             60     1   2  2  
 2 Olli Juolevi             Tobias Bjornfot          40     1   2  2  

Last Minutes Offensive
   Center                   Left Wing                Right Wing               Defense                  Defense                  
   Lucas Wallmark           Hunter Shinkaruk         Mathieu Joseph           Olli Juolevi             Ian Mitchell             

Last Minutes Defensive
   Center                   Left Wing                Right Wing               Defense                  Defense                  
   Lucas Wallmark           Hunter Shinkaruk         Mathieu Joseph           Reilly Walsh             Olli Juolevi             

Goaltenders
Starting : Felix Sanstrom           
Backup : Tristan Jarry            

Extra Forwards
Normal : Josh Norris, Riley Barber, Ryan Olsen - PP : Josh Norris, Riley Barber - PK : Josh Norris
Extra Defensemen
Normal : Josh Wesley, Christian Djoos, Tobias Bjornfot - PP : Sean Durzi - PK : Christian Djoos, Josh Wesley
Penalty Shots
Mathieu Joseph, Mark McNeill, Hunter Shinkaruk, Lucas Wallmark, Kasper Bjorkqvist
Custom OT Lines Forwards
Mathieu Joseph, Mark McNeill, Hunter Shinkaruk, Lucas Wallmark, Pavol Regenda, Antti Suomela, Riley Barber, Kasper Bjorkqvist, Nolan Vesey, Milos Kelemen
Custom OT Lines Defensemen
Olli Juolevi, Reilly Walsh, Ian Mitchell, Tobias Bjornfot, Josh Wesley

Scratches
Bokondji Imama (Healthy), Carl Dahlstrom (Healthy), Joni Ikonen (Healthy), Ruslan Iskhakov (Healthy), Filip Chlapik (Healthy)
Grant Hutton (Healthy), Troy Bourke (Healthy), Carsen Twarynski (Healthy), Drew O'Connor (Healthy), Libor Hajek (Healthy)
Gerald Mayhew (Healthy), Mark Kastelic (Healthy), Henry Thrun (Healthy), Patrick Moynihan (Healthy), Jack Malone (Healthy)
Sean Maguire (Healthy)

% Time on Ice - Firebirds

Lines # - Real PCT - Wanted PCT - Time Play
Normal Forward
1 - 33% - 40% - 18:24
2 - 30% - 30% - 16:58
3 - 23% - 20% - 12:55
4 - 14% - 10% - 7:45
Normal Defense
1 - 36% - 40% - 20:11
2 - 31% - 30% - 17:33
3 - 21% - 20% - 11:57
4 - 11% - 10% - 6:21
PP Forward
1 - 53% - 60% - 2:06
2 - 47% - 40% - 1:52
PP Defense
1 - 59% - 60% - 2:21
2 - 41% - 40% - 1:37
PK Forward
1 - 0% - 60%
2 - 0% - 40%
PK Defense
1 - 0% - 60%
2 - 0% - 40%
PK3 Forward
1 - 0% - 60%
2 - 0% - 40%
PK3 Defense
1 - 0% - 60%
2 - 0% - 40%
44 Forward
1 - 0% - 60%
2 - 0% - 40%
44 Defense
1 - 0% - 60%
2 - 0% - 40%
Last Minute Offensive  - 0:00
Last Minute Defensive  - 0:00
Total
Forward - 60:00
Defense - 60:00

% Time on Ice - Admirals

Lines # - Real PCT - Wanted PCT - Time Play
Normal Forward
1 - 35% - 40% - 19:29
2 - 28% - 30% - 15:49
3 - 20% - 20% - 10:59
4 - 17% - 10% - 9:45
Normal Defense
1 - 37% - 40% - 20:35
2 - 30% - 30% - 16:43
3 - 21% - 20% - 11:36
4 - 13% - 10% - 7:08
PP Forward
1 - 0% - 60%
2 - 0% - 40%
PP Defense
1 - 0% - 60%
2 - 0% - 40%
PK Forward
1 - 86% - 60% - 3:25
2 - 14% - 40% - 0:33
PK Defense
1 - 65% - 60% - 2:35
2 - 35% - 40% - 1:23
PK3 Forward
1 - 0% - 60%
2 - 0% - 40%
PK3 Defense
1 - 0% - 60%
2 - 0% - 40%
44 Forward
1 - 0% - 60%
2 - 0% - 40%
44 Defense
1 - 0% - 60%
2 - 0% - 40%
Last Minute Offensive  - 0:00
Last Minute Defensive  - 0:00
Total
Forward - 60:00
Defense - 60:00

Play-by-Play

1st period


0:01 of 1st period - Tanner Richard wins face-off versus Lucas Wallmark in neutral zone.
0:06 of 1st period - Hunter Shinkaruk is hit by Tanner Richard and loses puck.
0:15 of 1st period - Snap shot by Tanner Richard.
0:15 of 1st period - Stopped by Felix Sanstrom without a rebound.
0:16 of 1st period - Pierre-Luc Dubois wins face-off versus Antti Suomela in Admirals zone.
0:27 of 1st period - Wrist shot by Eric Robinson.
0:27 of 1st period - Stopped by Felix Sanstrom with a rebound.
0:29 of 1st period - Slapshot by Wade Allison.
0:29 of 1st period - Shot Blocked by Tobias Bjornfot.
0:37 of 1st period - Wade Allison is hit by Tobias Bjornfot and loses puck.
0:46 of 1st period - Snap shot by Eric Robinson.
0:46 of 1st period - Stopped by Felix Sanstrom without a rebound.
0:47 of 1st period - Garret Pilon wins face-off versus Josh Norris in Admirals zone.
1:01 of 1st period - Icing by Sergei Zborovskiy.
1:02 of 1st period - Tanner Richard wins face-off versus Josh Norris in Admirals zone.
1:09 of 1st period - Snap shot by Tanner Richard.
1:09 of 1st period - Stopped by Felix Sanstrom with a rebound.
1:11 of 1st period - Snap shot by Jakub Zboril.
1:11 of 1st period - Deflect By Thomas Spelling.
1:11 of 1st period - Stopped by Felix Sanstrom with a rebound.
1:13 of 1st period - Snap shot by Tanner Richard.
1:13 of 1st period - Stopped by Felix Sanstrom without a rebound.
1:14 of 1st period - Lucas Wallmark wins face-off versus Jasper Weatherby in Admirals zone.
2:26 of 1st period - Snap shot by Antti Suomela.
2:26 of 1st period - Shot Misses the Net.
3:37 of 1st period - Slapshot by Ian Mitchell.
3:37 of 1st period - Stopped by Magnus Hellberg with a rebound.
3:51 of 1st period - Slapshot by Eric Robinson.
3:51 of 1st period - Shot Blocked by Lucas Wallmark.
3:57 of 1st period - Slapshot by Wade Allison.
3:57 of 1st period - Shot Blocked by Tobias Bjornfot.
5:05 of 1st period - Pierre-Luc Dubois is hit by Mathieu Joseph and loses puck.
5:31 of 1st period - Reilly Walsh is hit by Tanner Richard and loses puck.
5:38 of 1st period - Backhand shot by Thomas Spelling.
5:38 of 1st period - Shot Blocked by Kasper Bjorkqvist.
5:40 of 1st period - Snap shot by Thomas Spelling.
5:40 of 1st period - Stopped by Felix Sanstrom without a rebound.
5:41 of 1st period - Tanner Richard wins face-off versus Antti Suomela in Admirals zone.
6:06 of 1st period - Jakub Zboril is hit by Lucas Wallmark and loses puck.
6:32 of 1st period - Off-side.
6:33 of 1st period - Josh Norris wins face-off versus Eric Robinson in neutral zone.
7:01 of 1st period - Snap shot by Eric Robinson.
7:01 of 1st period - Shot Misses the Net.
7:31 of 1st period - Snap shot by Jonah Gadjovich.
7:31 of 1st period - Stopped by Felix Sanstrom with a rebound.
7:33 of 1st period - Slapshot by Jakub Zboril.
7:33 of 1st period - Stopped by Felix Sanstrom with a rebound.
7:47 of 1st period - Wrist shot by Antti Suomela.
7:47 of 1st period - Stopped by Magnus Hellberg without a rebound.
7:48 of 1st period - Antti Suomela wins face-off versus Tanner Richard in Firebirds zone.
7:55 of 1st period - Wrist shot by Mark McNeill.
7:55 of 1st period - Shot Misses the Net.
8:45 of 1st period - Slapshot by Garret Pilon.
8:45 of 1st period - Stopped by Felix Sanstrom without a rebound.
8:46 of 1st period - Tanner Richard wins face-off versus Hunter Shinkaruk in Admirals zone.
8:47 of 1st period - Slapshot by Thomas Spelling.
8:47 of 1st period - Shot Misses the Net.
9:11 of 1st period - Victor Mete is hit by Pavol Regenda and loses puck.
9:42 of 1st period - Snap shot by Garret Pilon.
9:42 of 1st period - Stopped by Felix Sanstrom with a rebound.
10:15 of 1st period - Wrist shot by Hunter Shinkaruk.
10:15 of 1st period - Stopped by Magnus Hellberg with a rebound.
10:55 of 1st period - Wrist shot by Garret Pilon.
10:55 of 1st period - Deflect By Kasper Bjorkqvist.
10:55 of 1st period - Shot Blocked by Kasper Bjorkqvist.
10:55 of 1st period - Puck is out of play.
10:56 of 1st period - Maksim Sushko wins face-off versus Josh Norris in Admirals zone.
10:57 of 1st period - Snap shot by Fredrik Olofsson.
10:57 of 1st period - Stopped by Felix Sanstrom with a rebound.
11:07 of 1st period - Slapshot by Garret Pilon.
11:07 of 1st period - Deflect By Fredrik Olofsson.
11:07 of 1st period - Stopped by Felix Sanstrom with a rebound.
11:09 of 1st period - Slapshot by Fredrik Olofsson.
11:09 of 1st period - Shot Misses the Net.
11:21 of 1st period - Olli Juolevi is hit by Pierre-Luc Dubois and loses puck.
11:48 of 1st period - Icing by Lucas Wallmark.
11:49 of 1st period - Tanner Richard wins face-off versus Lucas Wallmark in Admirals zone.
11:52 of 1st period - Snap shot by Tanner Richard.
11:52 of 1st period - Stopped by Felix Sanstrom without a rebound.
11:53 of 1st period - Tanner Richard wins face-off versus Lucas Wallmark in Admirals zone.
12:54 of 1st period - Milos Kelemen is hit by Fredrik Olofsson and loses puck.
13:11 of 1st period - Snap shot by Mathieu Joseph.
13:11 of 1st period - Stopped by Magnus Hellberg without a rebound.
13:12 of 1st period - Tanner Richard wins face-off versus Lucas Wallmark in Firebirds zone.
13:19 of 1st period - Slapshot by Tanner Richard.
13:19 of 1st period - Goal by Tanner Richard - Firebirds : 1 - Admirals : 0.
13:20 of 1st period - Lucas Wallmark wins face-off versus Tanner Richard in neutral zone.
14:49 of 1st period - Sean Durzi is hit by Hayden Hodgson and loses puck.
15:06 of 1st period - Wrist shot by Wade Allison.
15:06 of 1st period - Shot Misses the Net.
15:08 of 1st period - Slapshot by Eric Robinson.
15:08 of 1st period - Stopped by Felix Sanstrom without a rebound.
15:09 of 1st period - Pierre-Luc Dubois wins face-off versus Antti Suomela in Admirals zone.
15:10 of 1st period - Wrist shot by Eric Robinson.
15:10 of 1st period - Shot Blocked by Antti Suomela.
15:12 of 1st period - Snap shot by Pierre-Luc Dubois.
15:12 of 1st period - Deflect By Eric Robinson.
15:12 of 1st period - Shot Misses the Net.
15:12 of 1st period - Puck is out of play.
15:13 of 1st period - Tanner Richard wins face-off versus Hunter Shinkaruk in Admirals zone.
15:14 of 1st period - Slapshot by Thomas Spelling.
15:14 of 1st period - Goal by Thomas Spelling - Firebirds : 2 - Admirals : 0.
15:15 of 1st period - Tanner Richard wins face-off versus Lucas Wallmark in neutral zone.
15:28 of 1st period - Wrist shot by Mathieu Joseph.
15:28 of 1st period - Deflect By Jakub Zboril.
15:28 of 1st period - Stopped by Magnus Hellberg without a rebound.
15:29 of 1st period - Antti Suomela wins face-off versus Tanner Richard in Firebirds zone.
15:30 of 1st period - Snap shot by Mark McNeill.
15:30 of 1st period - Shot Misses the Net.
15:35 of 1st period - Icing by Thomas Spelling.
15:36 of 1st period - Tanner Richard wins face-off versus Antti Suomela in Firebirds zone.
15:47 of 1st period - Wrist shot by Thomas Spelling.
15:47 of 1st period - Stopped by Felix Sanstrom without a rebound.
15:48 of 1st period - Lucas Wallmark wins face-off versus Tanner Richard in Admirals zone.
18:04 of 1st period - Wrist shot by Eric Robinson.
18:04 of 1st period - Shot Misses the Net.
18:06 of 1st period - Slapshot by Pierre-Luc Dubois.
18:06 of 1st period - Shot Blocked by Olli Juolevi.
18:24 of 1st period - Wrist shot by Riley Barber.
18:24 of 1st period - Stopped by Magnus Hellberg without a rebound.
18:25 of 1st period - Mathieu Joseph wins face-off versus Tanner Richard in Firebirds zone.
18:28 of 1st period - Snap shot by Mathieu Joseph.
18:28 of 1st period - Shot Misses the Net.
18:30 of 1st period - Wrist shot by Ian Mitchell.
18:30 of 1st period - Stopped by Magnus Hellberg with a rebound.
18:59 of 1st period - Slapshot by Antti Suomela.
18:59 of 1st period - Stopped by Magnus Hellberg with a rebound.
19:19 of 1st period - Slapshot by Jasper Weatherby.
19:19 of 1st period - Stopped by Felix Sanstrom with a rebound.
Goals for this period are 2 for Firebirds vs 0 for Admirals.
Shots for this period are 19 for Firebirds vs 8 for Admirals.

2nd period


0:01 of 2nd period - Tanner Richard wins face-off versus Mathieu Joseph in neutral zone.
0:04 of 2nd period - Lucas Wallmark is hit by Thomas Spelling and loses puck.
0:25 of 2nd period - Pavol Regenda is hit by Fredrik Olofsson and loses puck.
1:34 of 2nd period - Slapshot by Lucas Wallmark.
1:34 of 2nd period - Stopped by Magnus Hellberg without a rebound.
1:35 of 2nd period - Garret Pilon wins face-off versus Antti Suomela in Firebirds zone.
2:57 of 2nd period - Matej Blumel is hit by Mark McNeill and loses puck.
3:30 of 2nd period - Snap shot by Jonah Gadjovich.
3:30 of 2nd period - Shot Blocked by Reilly Walsh.
3:40 of 2nd period - Backhand shot by Jakub Zboril.
3:40 of 2nd period - Stopped by Felix Sanstrom without a rebound.
3:41 of 2nd period - Tanner Richard wins face-off versus Antti Suomela in Admirals zone.
3:42 of 2nd period - Snap shot by Thomas Spelling.
3:42 of 2nd period - Shot Hit the Post.
3:48 of 2nd period - Wrist shot by Mark McNeill.
3:48 of 2nd period - Shot Blocked by Kyle Capobianco.
3:50 of 2nd period - Wrist shot by Antti Suomela.
3:50 of 2nd period - Stopped by Magnus Hellberg with a rebound.
3:52 of 2nd period - Wrist shot by Mark McNeill.
3:52 of 2nd period - Goal by Mark McNeill - Firebirds : 2 - Admirals : 1.
3:53 of 2nd period - Lucas Wallmark wins face-off versus Tanner Richard in neutral zone.
4:23 of 2nd period - Ian Mitchell is hit by Garret Pilon and loses puck.
4:43 of 2nd period - Icing by Reilly Walsh.
4:44 of 2nd period - Tanner Richard wins face-off versus Josh Norris in Admirals zone.
4:45 of 2nd period - Wrist shot by Thomas Spelling.
4:45 of 2nd period - Stopped by Felix Sanstrom without a rebound.
4:46 of 2nd period - Lucas Wallmark wins face-off versus Tanner Richard in Admirals zone.
4:57 of 2nd period - Snap shot by Mathieu Joseph.
4:57 of 2nd period - Stopped by Magnus Hellberg without a rebound.
4:58 of 2nd period - Lucas Wallmark wins face-off versus Tanner Richard in Firebirds zone.
5:37 of 2nd period - Pavol Regenda is hit by Pierre-Luc Dubois and loses puck.
5:48 of 2nd period - Fredrik Olofsson is hit by Josh Norris and loses puck.
6:36 of 2nd period - Slapshot by Olli Juolevi.
6:36 of 2nd period - Stopped by Magnus Hellberg without a rebound.
6:37 of 2nd period - Tanner Richard wins face-off versus Ryan Olsen in Firebirds zone.
6:42 of 2nd period - Thomas Spelling is hit by Milos Kelemen and loses puck.
6:49 of 2nd period - Slapshot by Ian Mitchell.
6:49 of 2nd period - Stopped by Magnus Hellberg without a rebound.
6:50 of 2nd period - Tanner Richard wins face-off versus Hunter Shinkaruk in Firebirds zone.
7:07 of 2nd period - Jakub Zboril is hit by Lucas Wallmark and loses puck.
7:47 of 2nd period - Slapshot by Olli Juolevi.
7:47 of 2nd period - Stopped by Magnus Hellberg with a rebound.
8:20 of 2nd period - Icing by Josh Wesley.
8:21 of 2nd period - Lucas Wallmark wins face-off versus Tanner Richard in Admirals zone.
8:26 of 2nd period - Hayden Hodgson is hit by Christian Djoos and loses puck.
8:37 of 2nd period - Snap shot by Mathieu Joseph.
8:37 of 2nd period - Stopped by Magnus Hellberg without a rebound.
8:38 of 2nd period - Pierre-Luc Dubois wins face-off versus Antti Suomela in Firebirds zone.
9:12 of 2nd period - Wrist shot by Tanner Richard.
9:12 of 2nd period - Shot Misses the Net.
9:14 of 2nd period - Slapshot by Thomas Spelling.
9:14 of 2nd period - Shot Blocked by Sean Durzi.
9:16 of 2nd period - Slapshot by Jacob Middleton.
9:16 of 2nd period - Stopped by Felix Sanstrom without a rebound.
9:17 of 2nd period - Garret Pilon wins face-off versus Antti Suomela in Admirals zone.
9:22 of 2nd period - Snap shot by Garret Pilon.
9:22 of 2nd period - Stopped by Felix Sanstrom with a rebound.
9:30 of 2nd period - Matthew Kiersted is hit by Pavol Regenda and loses puck.
9:50 of 2nd period - Mathieu Joseph is hit by Hayden Hodgson and loses puck.
10:05 of 2nd period - Wrist shot by Kasper Bjorkqvist.
10:05 of 2nd period - Shot Blocked by Jakub Zboril.
10:07 of 2nd period - Snap shot by Nolan Vesey.
10:07 of 2nd period - Stopped by Magnus Hellberg with a rebound.
10:09 of 2nd period - Wrist shot by Kasper Bjorkqvist.
10:09 of 2nd period - Goal by Kasper Bjorkqvist - Firebirds : 2 - Admirals : 2.
10:10 of 2nd period - Tanner Richard wins face-off versus Lucas Wallmark in neutral zone.
10:40 of 2nd period - John Ludvig is hit by Mark McNeill and loses puck.
10:53 of 2nd period - John Ludvig is hit by Mark McNeill and loses puck.
11:12 of 2nd period - Wrist shot by Eric Robinson.
11:12 of 2nd period - Stopped by Felix Sanstrom with a rebound.
11:14 of 2nd period - Slapshot by Pierre-Luc Dubois.
11:14 of 2nd period - Shot Misses the Net.
11:26 of 2nd period - Snap shot by Pierre-Luc Dubois.
11:26 of 2nd period - Stopped by Felix Sanstrom with a rebound.
11:28 of 2nd period - Slapshot by Pierre-Luc Dubois.
11:28 of 2nd period - Stopped by Felix Sanstrom with a rebound.
11:30 of 2nd period - Wrist shot by Wade Allison.
11:30 of 2nd period - Shot Misses the Net.
11:38 of 2nd period - Slapshot by Eric Robinson.
11:38 of 2nd period - Goal by Eric Robinson - Firebirds : 3 - Admirals : 2.
11:39 of 2nd period - Tanner Richard wins face-off versus Lucas Wallmark in neutral zone.
11:44 of 2nd period - Slapshot by Tanner Richard.
11:44 of 2nd period - Shot Misses the Net.
11:46 of 2nd period - Snap shot by Hayden Hodgson.
11:46 of 2nd period - Goal by Hayden Hodgson - Firebirds : 4 - Admirals : 2.
11:47 of 2nd period - Lucas Wallmark wins face-off versus Hayden Hodgson in neutral zone.
11:50 of 2nd period - Matthew Kiersted is hit by Hunter Shinkaruk and loses puck.
12:11 of 2nd period - Icing by Hayden Hodgson.
12:12 of 2nd period - Josh Norris wins face-off versus Tanner Richard in Firebirds zone.
12:15 of 2nd period - Snap shot by Nolan Vesey.
12:15 of 2nd period - Shot Misses the Net.
12:23 of 2nd period - Snap shot by Nolan Vesey.
12:23 of 2nd period - Shot Misses the Net.
12:32 of 2nd period - Off-side.
12:33 of 2nd period - Garret Pilon wins face-off versus Antti Suomela in neutral zone.
12:48 of 2nd period - Wrist shot by Antti Suomela.
12:48 of 2nd period - Shot Misses the Net.
13:06 of 2nd period - Snap shot by Kasper Bjorkqvist.
13:06 of 2nd period - Stopped by Magnus Hellberg with a rebound.
13:12 of 2nd period - Kasper Bjorkqvist is hit by Jakub Zboril and loses puck.
13:21 of 2nd period - Snap shot by Garret Pilon.
13:21 of 2nd period - Stopped by Felix Sanstrom with a rebound.
14:15 of 2nd period - Wrist shot by Garret Pilon.
14:15 of 2nd period - Shot Misses the Net.
14:19 of 2nd period - Slapshot by Jakub Zboril.
14:19 of 2nd period - Stopped by Felix Sanstrom without a rebound.
14:20 of 2nd period - Lucas Wallmark wins face-off versus Thomas Spelling in Admirals zone.
14:33 of 2nd period - Slapshot by Reilly Walsh.
14:33 of 2nd period - Stopped by Magnus Hellberg without a rebound.
14:34 of 2nd period - Tanner Richard wins face-off versus Lucas Wallmark in Firebirds zone.
14:59 of 2nd period - Icing by Hunter Shinkaruk.
15:00 of 2nd period - Lucas Wallmark wins face-off versus Pierre-Luc Dubois in Admirals zone.
15:25 of 2nd period - Milos Kelemen is hit by Hayden Hodgson and loses puck.
15:34 of 2nd period - Wrist shot by Hayden Hodgson.
15:34 of 2nd period - Shot Misses the Net.
16:34 of 2nd period - Snap shot by Thomas Spelling.
16:34 of 2nd period - Deflect By Tanner Richard.
16:34 of 2nd period - Goal by Tanner Richard - Firebirds : 5 - Admirals : 2.
16:35 of 2nd period - Mathieu Joseph wins face-off versus Tanner Richard in neutral zone.
16:40 of 2nd period - Slapshot by Ian Mitchell.
16:40 of 2nd period - Stopped by Magnus Hellberg without a rebound.
16:41 of 2nd period - Tanner Richard wins face-off versus Lucas Wallmark in Firebirds zone.
17:41 of 2nd period - Milos Kelemen is hit by Pierre-Luc Dubois and loses puck.
17:52 of 2nd period - Matthew Kiersted is hit by Riley Barber and loses puck.
18:13 of 2nd period - Snap shot by Eric Robinson.
18:13 of 2nd period - Stopped by Felix Sanstrom without a rebound.
18:14 of 2nd period - Lucas Wallmark wins face-off versus Tanner Richard in Admirals zone.
18:39 of 2nd period - Lucas Wallmark is hit by Jakub Zboril and loses puck.
18:46 of 2nd period - Wrist shot by Matej Blumel.
18:46 of 2nd period - Shot Blocked by Lucas Wallmark.
18:48 of 2nd period - Snap shot by Jonah Gadjovich.
18:48 of 2nd period - Deflect By Olli Juolevi.
18:48 of 2nd period - Shot Blocked by Hunter Shinkaruk.
18:48 of 2nd period - Puck is out of play.
18:49 of 2nd period - Tanner Richard wins face-off versus Mark McNeill in Admirals zone.
19:21 of 2nd period - Off-side.
19:22 of 2nd period - Garret Pilon wins face-off versus Mathieu Joseph in neutral zone.
19:58 of 2nd period - Jakub Zboril is hit by Olli Juolevi.
Goals for this period are 3 for Firebirds vs 2 for Admirals.
Shots for this period are 13 for Firebirds vs 13 for Admirals.

3rd period


0:01 of 3rd period - Lucas Wallmark wins face-off versus Tanner Richard in neutral zone.
0:26 of 3rd period - Antti Suomela is hit by Wade Allison.
0:33 of 3rd period - Jakub Zboril is hit by Olli Juolevi and loses puck.
0:53 of 3rd period - Fredrik Olofsson is hit by Nolan Vesey and loses puck.
1:12 of 3rd period - Slapshot by Jakub Zboril.
1:12 of 3rd period - Deflect By Sean Durzi.
1:12 of 3rd period - Stopped by Felix Sanstrom with a rebound.
1:33 of 3rd period - Snap shot by Antti Suomela.
1:33 of 3rd period - Goal by Antti Suomela - Firebirds : 5 - Admirals : 3.
1:34 of 3rd period - Tanner Richard wins face-off versus Lucas Wallmark in neutral zone.
1:52 of 3rd period - Minor Penalty to Mathieu Joseph for Cross-checking.
1:53 of 3rd period - Lucas Wallmark wins face-off versus Tanner Richard in Admirals zone.
2:05 of 3rd period - Slapshot by Jakub Zboril.
2:05 of 3rd period - Shot Misses the Net.
2:07 of 3rd period - Slapshot by Jakub Zboril.
2:07 of 3rd period - Stopped by Felix Sanstrom without a rebound.
2:08 of 3rd period - Lucas Wallmark wins face-off versus Tanner Richard in Admirals zone.
2:33 of 3rd period - Josh Norris is hit by Dylan Coghlan and loses puck.
3:52 of 3rd period - Penalty to Mathieu Joseph is over, Mathieu Joseph is back on ice.
4:39 of 3rd period - Minor Penalty to Antti Suomela for Roughing.
4:40 of 3rd period - Lucas Wallmark wins face-off versus Tanner Richard in Admirals zone.
4:53 of 3rd period - Snap shot by Tanner Richard.
4:53 of 3rd period - Stopped by Felix Sanstrom with a rebound.
4:55 of 3rd period - Slapshot by Thomas Spelling.
4:55 of 3rd period - Shot Misses the Net.
5:11 of 3rd period - Lucas Wallmark is hit by Eric Robinson and loses puck.
5:28 of 3rd period - Mark McNeill is hit by Hayden Hodgson.
5:50 of 3rd period - Victor Mete is hit by Reilly Walsh and loses puck.
6:39 of 3rd period - Penalty to Antti Suomela is over, Antti Suomela is back on ice.
6:56 of 3rd period - Snap shot by Kasper Bjorkqvist.
6:56 of 3rd period - Shot Misses the Net.
7:08 of 3rd period - Sergei Zborovskiy is hit by Jasper Weatherby and loses puck.
8:17 of 3rd period - Sergei Zborovskiy is hit by Hayden Hodgson.
8:33 of 3rd period - Tanner Richard is hit by Milos Kelemen and loses puck.
8:58 of 3rd period - Jakub Zboril is hit by Pavol Regenda and loses puck.
9:15 of 3rd period - Nolan Vesey is hit by Maksim Sushko.
9:18 of 3rd period - Off-side.
9:19 of 3rd period - Josh Norris wins face-off versus Garret Pilon in neutral zone.
9:45 of 3rd period - Wrist shot by Hayden Hodgson.
9:45 of 3rd period - Stopped by Felix Sanstrom without a rebound.
9:46 of 3rd period - Lucas Wallmark wins face-off versus Tanner Richard in Admirals zone.
9:51 of 3rd period - Wrist shot by Olli Juolevi.
9:51 of 3rd period - Shot Blocked by Jakub Zboril.
10:03 of 3rd period - Olli Juolevi is hit by Thomas Spelling and loses puck.
10:22 of 3rd period - Icing by Jacob Middleton.
10:23 of 3rd period - Antti Suomela wins face-off versus Tanner Richard in Firebirds zone.
10:24 of 3rd period - Snap shot by Mark McNeill.
10:24 of 3rd period - Stopped by Magnus Hellberg with a rebound.
10:26 of 3rd period - Wrist shot by Pavol Regenda.
10:26 of 3rd period - Shot Misses the Net.
10:28 of 3rd period - Snap shot by Mark McNeill.
10:28 of 3rd period - Shot Hit the Post.
10:30 of 3rd period - Slapshot by Ian Mitchell.
10:30 of 3rd period - Stopped by Magnus Hellberg without a rebound.
10:31 of 3rd period - Pierre-Luc Dubois wins face-off versus Antti Suomela in Firebirds zone.
11:11 of 3rd period - Snap shot by Mark McNeill.
11:11 of 3rd period - Shot Misses the Net.
11:16 of 3rd period - Off-side.
11:17 of 3rd period - Jasper Weatherby wins face-off versus Lucas Wallmark in neutral zone.
11:19 of 3rd period - Off-side.
11:20 of 3rd period - Lucas Wallmark wins face-off versus Tanner Richard in neutral zone.
11:36 of 3rd period - Wrist shot by Thomas Spelling.
11:36 of 3rd period - Deflect By Ian Mitchell.
11:36 of 3rd period - Shot Blocked by Reilly Walsh.
11:36 of 3rd period - Puck is out of play.
11:37 of 3rd period - Pierre-Luc Dubois wins face-off versus Antti Suomela in Admirals zone.
11:37 of 3rd period - Pierre-Luc Dubois is hit by Ian Mitchell.
11:39 of 3rd period - Slapshot by Jakub Zboril.
11:39 of 3rd period - Stopped by Felix Sanstrom with a rebound.
11:45 of 3rd period - Reilly Walsh is hit by Pierre-Luc Dubois and loses puck.
11:52 of 3rd period - Mark McNeill is hit by Pierre-Luc Dubois and loses puck.
12:35 of 3rd period - Victor Mete is hit by Ian Mitchell and loses puck.
12:42 of 3rd period - Slapshot by Victor Mete.
12:42 of 3rd period - Shot Misses the Net.
12:44 of 3rd period - Snap shot by Fredrik Olofsson.
12:44 of 3rd period - Stopped by Felix Sanstrom with a rebound.
12:46 of 3rd period - Slapshot by Victor Mete.
12:46 of 3rd period - Shot Hit the Post.
12:48 of 3rd period - Slapshot by Maksim Sushko.
12:48 of 3rd period - Stopped by Felix Sanstrom with a rebound.
12:50 of 3rd period - Slapshot by Matthew Kiersted.
12:50 of 3rd period - Deflect By Fredrik Olofsson.
12:50 of 3rd period - Stopped by Felix Sanstrom without a rebound.
12:51 of 3rd period - Tanner Richard wins face-off versus Lucas Wallmark in Admirals zone.
13:16 of 3rd period - Pierre-Luc Dubois is hit by Nolan Vesey and loses puck.
13:52 of 3rd period - Wrist shot by Ryan Olsen.
13:52 of 3rd period - Stopped by Magnus Hellberg with a rebound.
14:04 of 3rd period - Hunter Shinkaruk is hit by Thomas Spelling and loses puck.
14:56 of 3rd period - Hunter Shinkaruk is hit by Tanner Richard and loses puck.
15:11 of 3rd period - Snap shot by Tobias Bjornfot.
15:11 of 3rd period - Shot Misses the Net.
15:13 of 3rd period - Snap shot by Mark McNeill.
15:13 of 3rd period - Shot Hit the Post.
16:25 of 3rd period - Snap shot by Jonah Gadjovich.
16:25 of 3rd period - Stopped by Felix Sanstrom with a rebound.
16:27 of 3rd period - Snap shot by Jasper Weatherby.
16:27 of 3rd period - Stopped by Felix Sanstrom with a rebound.
16:48 of 3rd period - Snap shot by Nolan Vesey.
16:48 of 3rd period - Stopped by Magnus Hellberg without a rebound.
16:49 of 3rd period - Lucas Wallmark wins face-off versus Tanner Richard in Firebirds zone.
17:14 of 3rd period - Wade Allison is hit by Olli Juolevi and loses puck.
18:17 of 3rd period - Wade Allison is hit by Pavol Regenda and loses puck.
19:19 of 3rd period - Icing by Mathieu Joseph.
19:20 of 3rd period - Artur Kayumov wins face-off versus Lucas Wallmark in Admirals zone.
19:53 of 3rd period - Off-side.
19:54 of 3rd period - Lucas Wallmark wins face-off versus Artur Kayumov in neutral zone.
Goals for this period are 0 for Firebirds vs 1 for Admirals.
Shots for this period are 10 for Firebirds vs 5 for Admirals.